 Dungeon Sprint DCSS version 0.20.1-1-g8b1a95d (console) character file.

286 bli the Destroyer (level 6, -1/37 HPs)
             Began as a Deep Elf Conjurer on Sept 6, 2017.
             Was a Priest of Vehumet.
             Slain by a wolf (6 damage)
             ... in the Dungeon (Sprint V: "Ziggurat Sprint").
             The game lasted 00:09:37 (697 turns).

bli the Destroyer (Deep Elf Conjurer)                Turns: 697, Time: 00:09:38

Health: -1/37      AC:  2    Str:  5    XL:     6   Next: 8%
Magic:  17/26      EV: 17    Int: 33    God:    Vehumet [***...]
Gold:   0          SH:  0    Dex: 22    Spells: 7/23 levels left

rFire    . . .     SeeInvis .   P - +6 Majin-Bo {vamp, Archmagi MP+6 Int+6}
rCold    . . .     Gourm    .   (shield currently unavailable)
rNeg     . . .     Faith    .   a - +0 robe
rPois    .         Spirit   .   (no helmet)
rElec    .         Reflect  .   (no cloak)
rCorr    .         Harm     .   (no gloves)
MR       .....     NoTele   +   (no boots)
Stlth    +++.......             (no amulet)
Regen    0.2/turn               B - +6 ring of intelligence
MPRegen  0.2/turn               y - +6 ring of dexterity

@: no status effects
A: no striking features
a: Renounce Religion


You were in the Dungeon.
You worshipped Vehumet.
Vehumet was most pleased with you.
You were not hungry.

You visited 1 branch

Inventory:

Hand Weapons
 O - a +5 lajatang
 P - the +6 Majin-Bo (weapon) {vamp, Archmagi MP+6 Int+6}
   (You found it in the Dungeon)

   It inflicts no extra harm, but heals its wielder when it wounds a living foe.
   It affects your intelligence (+6).
   It affects your magic capacity (+6).
Armour
 a - a +0 robe (worn)
 M - +5 storm dragon scales
 N - a +3 buckler
 Q - the +18 shield of the Gong {rElec rN+ MR+ EV-5}
   (You found it in the Dungeon)

   It affects your evasion (-5).
   It insulates you from electricity.
   It protects you from negative energy.
   It affects your resistance to hostile enchantments.
Magical Staves
 F - an uncursed staff of energy
 S - an uncursed staff of power
Jewellery
 m - an uncursed ring of protection from fire
 y - a +6 ring of dexterity (right hand)
 z - a +6 ring of dexterity
 A - a +6 ring of intelligence
 B - a +6 ring of intelligence (left hand)
 C - a +6 ring of strength
 D - a +6 ring of strength
 E - an uncursed ring of flight
 R - a cursed ring of protection from fire
Wands
 H - a wand of disintegration (7/24)
 I - a wand of iceblast (5/15)
 J - a wand of lightning (5/15)
 K - a wand of acid (5/15)
Scrolls
 i - 4 scrolls of blinking
 p - 4 scrolls of amnesia
 q - 3 scrolls of recharging
 r - 7 scrolls of fog
 s - a scroll of holy word
 t - 5 scrolls of identify
 u - 5 scrolls of remove curse
 v - 2 scrolls of fear
Potions
 d - 10 potions of curing
 e - 13 potions of heal wounds
 f - 6 potions of haste
 g - 7 potions of magic
 h - 3 potions of berserk rage
 j - 2 potions of brilliance
 k - 2 potions of invisibility
 l - 4 potions of resistance
 n - 5 potions of agility
 o - 5 potions of might
Books
 b - a book of Conjurations

   Spells                             Type                      Level
   a - Magic Dart                     Conjuration                  1
   b - Searing Ray                    Conjuration                  2
   c - Dazzling Spray                 Conjuration/Hexes            3
   d - Fulminant Prism                Conjuration/Hexes            4
   e - Force Lance                    Conjuration/Translocation    4
   f - Iskenderun's Mystic Blast      Conjuration                  4
 V - a book of Geomancy

   Spells                             Type                      Level
   a - Sandblast                      Earth                        1
   b - Passwall                       Transmutation/Earth          2
   c - Stone Arrow                    Conjuration/Earth            3
   d - Petrify                        Transmutation/Earth          4
   e - Lee's Rapid Deconstruction     Earth                        5
Miscellaneous
 G - a crystal ball of energy
 L - a lightning rod (4/4)
 U - a sack of spiders
Comestibles
 c - 4 bread rations
 w - 42 fruits
 x - 4 meat rations


   Skills:
 + Level 3.0 Fighting
 + Level 3.9 Staves
 + Level 6.1 Dodging
 - Level 2.4 Stealth
 * Level 9.0 Spellcasting
 + Level 10.6 Conjurations
 + Level 1.6 Hexes


You had 7 spell levels left.
You knew the following spells:

 Your Spells              Type           Power        Failure   Level  Hunger
a - Magic Dart            Conj           ####         1%          1    None
b - Flame Tongue          Conj/Fire      #####        1%          1    None
c - Stone Arrow           Conj/Erth      ######       1%          3    None
d - Dazzling Spray        Conj/Hex       ######       1%          3    None
k - Iskenderun's Mystic   Conj           #######.     1%          4    None
l - Force Lance           Conj/Tloc      ######..     1%          4    None


Dungeon Overview and Level Annotations

Branches:
Dungeon (1/1)

Altars:
Ashenzari
Cheibriados
Dithmenos
Elyvilon
Fedhas
Gozag
Hepliaklqana
Kikubaaqudgha
Makhleb
Nemelex Xobeh
Okawaru
Qazlal
Ru
Sif Muna
Trog
Uskayaw
Vehumet
Xom
Yredelemnul
Zin
The Shining One
Beogh
Jiyva
Lugonu

Annotations:
D 1 transporter


Message History

Aim: a black bear (moderately wounded)
You feel a surge of power!
The spray of energy hits the spriggan.
The spriggan is moderately wounded.
The spray of energy hits the wolf.
The wolf is lightly wounded.
* * * LOW HITPOINT WARNING * * *
The wolf misses you. The spriggan misses you.
Casting: Dazzling Spray
Confirm with . or Enter, or press ? or * to list all spells.
Aiming: Dazzling Spray
Press: ? - help, Shift-Dir - straight line, f - wolf
Aim: a wolf (lightly wounded)
You feel a surge of power!
The spray of energy hits the wolf.
The wolf is heavily wounded.
The spray of energy hits the spriggan.
The spriggan is heavily wounded.
The spriggan is dazzled.
* * * LOW HITPOINT WARNING * * *
The wolf misses you. The wolf bites you.
You die...

▓.....▓.....▓.....▓
▓.....▓...).▓.....▓
▓.....▓.....▓▓▓▓▓▓▓
▓▓▓▓▓▓▓▓▓▓▓▓▓▓
▓..8©8...▓
▓..[}}...▓
▓...:....▓
▓........▓
▓........▓
▓.▓...i▓.▓
▓....hh@.▓
▓▓▓▓▓▓▓▓▓▓


You could see a spriggan (blind) and 2 wolves.

Vanquished Creatures
  2 phantoms (D)
  A wight (D)
  A crimson imp (D)
  A shadow imp (D)
  2 white imps (D)
  2 bat skeletons (D)
9 creatures vanquished.

Notes
Turn   | Place    | Note
-------+----------+-------------------------------------------
     0 | D        | bli the Deep Elf Conjurer began the quest for the Orb.
     0 | D        | Reached XP level 1. HP: 10/10 MP: 6/6
     0 | D        | Found a deep blue altar of Sif Muna.
     0 | D        | Found a sacrificial altar of Ru.
     0 | D        | Found a bloodstained altar of Trog.
     0 | D        | Found a stormy altar of Qazlal.
     0 | D        | Found an iron altar of Okawaru.
     0 | D        | Found a sparkling altar of Nemelex Xobeh.
     0 | D        | Found a blossoming altar of Fedhas.
     2 | D        | Found a transporter.
     2 | D        | Found an ancient bone altar of Kikubaaqudgha.
     2 | D        | Found a viscous altar of Jiyva.
     2 | D        | Found a corrupted altar of Lugonu.
     2 | D        | Found a hazy altar of Hepliaklqana.
     2 | D        | Found a burning altar of Makhleb.
     2 | D        | Found an opulent altar of Gozag.
    59 | D        | Became a worshipper of Vehumet
    72 | D        | Reached skill level 5 in Conjurations
    72 | D        | Reached XP level 2. HP: 17/17 MP: 10/11
    73 | D        | Entered arena 2.
    73 | D        | Noticed a phantom
    73 | D        | Found a transporter.
    94 | D        | Killed a phantom
    94 | D        | Reached skill level 5 in Dodging
    94 | D        | Reached skill level 8 in Conjurations
    94 | D        | Reached XP level 3. HP: 9/22 MP: 2/13
    94 | D        | Reached XP level 4. HP: 11/27 MP: 2/15
   108 | D        | Learned a level 3 spell: Dazzling Spray
   113 | D        | Learned a level 4 spell: Force Lance
   265 | D        | Entered arena 3.
   265 | D        | Noticed a phantom
   265 | D        | Found a transporter.
   267 | D        | Reached * piety under Vehumet
   267 | D        | Offered knowledge of Freeze by Vehumet.
   273 | D        | Killed a phantom
   273 | D        | Reached skill level 9 in Conjurations
   273 | D        | Reached skill level 1 in Hexes
   273 | D        | Reached XP level 5. HP: 18/32 MP: 8/17
   273 | D        | Reached skill level 10 in Conjurations
   436 | D        | Entered arena 4.
   436 | D        | Found a transporter.
   439 | D        | Reached ** piety under Vehumet
   439 | D        | Offered knowledge of Flame Tongue by Vehumet.
   441 | D        | Reached XP level 6. HP: 21/37 MP: 15/19
   442 | D        | Reached *** piety under Vehumet
   461 | D        | Learned a level 1 spell: Flame Tongue
   465 | D        | Learned a level 3 spell: Stone Arrow
   470 | D        | Learned a level 4 spell: Iskenderun's Mystic Blast
   688 | D        | Entered arena 5.
   688 | D        | Noticed a spriggan
   688 | D        | Found a transporter.
   697 | D        | Slain by a wolf

Skill      XL: |  1  2  3  4  5  6 |
---------------+-------------------+-----
Fighting       | 2 3 |  3.0
Staves         | 2 3 |  3.9
Dodging        | 4 5 6 |  6.1
Spellcasting   | 6 7 8 9 |  9.0
Conjurations   | 5 8 9 10 | 10.6
Hexes          | 1 |  1.6
Stealth        | |  2.4

Action                   |  1- 3 |  4- 6 || total
-------------------------+-------+-------++-------
Melee: Quarterstaff      |     8 |     1 ||     9
 Cast: Magic Dart        |    11 |     8 ||    19
       Dazzling Spray    |       |     8 ||     8
       Flame Tongue      |       |     2 ||     2
       Force Lance       |       |     1 ||     1
  Use: Potion            |     2 |       ||     2
  Eat: Bread ration      |     1 |       ||     1
Dodge: Dodged            |     9 |    16 ||    25
